 Dungeon Crawl Stone Soup version 0.17-a0-1591-g7a45446 (webtiles) character file.

3184 Chiseanne the Fighter (level 9, 0/75 HPs)
             Began as a Demonspawn Wanderer on July 29, 2015.
             Was an Initiate of Gozag.
             Slain by a thrashing horror (4 damage)
             ... on level 1 of the Abyss.
             The game lasted 00:29:15 (8917 turns).

Chiseanne the Fighter (Demonspawn Wanderer)         Turns: 8917, Time: 00:29:15

Health: 0/75       AC: 25    Str: 14    XL:     9   Next: 64%
Magic:  0/19       EV: 13    Int: 16    God:    Gozag
Gold:   80         SH:  0    Dex: 14    Spells: 0 memorised, 10 levels left

rFire  + + .     SeeInvis .     a - +2 mace (protect)
rCold  . . .     Clarity  .     l - +5 ring mail of Negation {rF+ MP+9 Int+3}
rNeg   . . .     SustAt   .     (no shield)
rPois  .         Gourm    .     (helmet restricted)
rElec  .         Spirit   +     C - +1 cloak
rCorr  .         Warding  .     (no gloves)
rMut   .         Rnd*Tele +     j - +1 pair of boots
MR     +....                    (no amulet)
Stlth  +.........               x - ring of protection from fire
                                p - ring of protection from magic

@: very slightly contaminated, drained, somewhat resistant to hostile
enchantments, very unstealthy
A: horns 2, rough black scales 1, demonic guardian 1, teleportitis 1, magic
shield
a: Potion Petition, Call Merchant, Bribe Branch, Renounce Religion


You were on level 1 of the Abyss.
You worshipped Gozag.
Gozag was noncommittal.
You were not hungry.

You visited 2 branches of the dungeon, and saw 8 of its levels.
You visited the Abyss 1 time.

You collected 880 gold pieces.
You spent 661 gold pieces at shops.
You paid 139 gold pieces to Gozag.

Inventory:

Hand weapons
 a - a +2 mace of protection (weapon)
 n - a +0 great sword
 w - a +0 blowgun
 E - a +0 battleaxe
Missiles
 c - 11 sling bullets of frost
 h - 88 sling bullets
 i - 7 tomahawks of returning
 o - 31 bolts
 v - 94 arrows
 y - 14 arrows of flame
 z - 5 javelins (quivered)
 A - 69 poisoned needles
Armour
 j - a +1 pair of boots (worn)
 l - the +5 ring mail of Negation (worn) {rF+ MP+9 Int+3}
   (You bought it in a shop on level 4 of the Dungeon)

   It affects your intelligence (+3).
   It protects you from fire.
   It affects your magic capacity (+9).
 C - a +1 cloak (worn)
Jewellery
 m - an uncursed ring of teleportation
 p - a ring of protection from magic (left hand)
 t - an uncursed ring of flight
 x - a ring of protection from fire (right hand)
Magical devices
 d - a wand of confusion (15)
Scrolls
 D - 5 scrolls of identify
 G - a scroll of fog
 I - a scroll of recharging
Potions
 f - 2 potions of flight
 g - 4 potions of brilliance
 u - a potion of curing
 B - a potion of poison {unknown}
Books
 q - a Fen Folio

   Spells                             Type                      Level
   a - Corpse Rot                     Necromancy                   2
   b - Stone Arrow                    Conjuration/Earth            3
   c - Leda's Liquefaction            Hexes/Earth                  4
   d - Summon Forest                  Summoning/Translocation      5
   e - Hydra Form                     Transmutation                6
   f - Summon Hydra                   Summoning                    7
 s - a book of the Earth

   Spells                             Type                      Level
   a - Leda's Liquefaction            Hexes/Earth                  4
   b - Bolt of Magma                  Conjuration/Fire/Earth       5
   c - Statue Form                    Transmutation/Earth          6
   d - Iron Shot                      Conjuration/Earth            6
   e - Shatter                        Earth                        9
Miscellaneous
 F - a plain deck of summoning {drawn: 1}
Comestibles
 e - 2 bread rations
 k - 3 meat rations


   Skills:
 + Level 8.8(8.2) Fighting
 - Level 1.7(1.3) Axes
   Level 1.0(0.5) Bows
 - Level 1.0(0.5) Throwing
 - Level 8.0(7.5) Armour
 + Level 6.1(5.6) Dodging
 - Level 1.0(0.5) Stealth
 * Level 1.2(0.8) Spellcasting


You had 10 spell levels left.
You didn't know any spells.

Dungeon Overview and Level Annotations

Branches:
Dungeon (7/15)             Temple (1/1) D:5

Altars:
Ashenzari
Cheibriados
Dithmenos
Elyvilon
Fedhas
Gozag
Kikubaaqudgha
Makhleb
Nemelex Xobeh
Okawaru
Qazlal
Ru
Sif Muna
Trog
Vehumet
Xom
Yredelemnul
Zin
The Shining One

Shops:
D:2 *   D:4 [   D:5 %   D:7 ?

Annotations:
D:6 exclusion: oklob plant


Innate Abilities, Weirdness & Mutations

You have a pair of horns on your head.
You are partially covered in rough black scales (AC +4, Dex -1).
A weak demonic guardian rushes to your aid.
When hurt, damage is shared between your health and your magic reserves.
You are occasionally teleported to nearby monsters.


Message History

The thrashing horror tramples you.
* * * LOW HITPOINT WARNING * * *
You hold your ground!
The thrashing horror barely misses you.
The small abomination hits you but does no damage.
The deep elf demonologist casts a spell.
The thrashing horror barely misses you. The thrashing horror misses you.
Read which item? (? for menu, Esc to quit)
As you read the scroll labeled QUUHECWADGHI, it crumbles to dust.
It is a scroll of enchant armour.
Enchant which item? (? for menu, Esc to quit)
Your +0 cloak glows green for a moment.
The small abomination hits you!
* * * LOW HITPOINT WARNING * * *
The thrashing horror tramples you.
* * * LOW HITPOINT WARNING * * *
You stumble backwards!
The deep elf demonologist gestures wildly while chanting.
A large abomination comes into view.
The thrashing horror tramples you!
You die...
Your body crumbles into a pile of gold.

#. ... . . .
##.#.##.####.###
.. ...#.....#..#
.#...#...######
#.##.....X.[..
.#.....#X# ..#
#......4..##X#
##. .#.#1xX.# #
#..e.###@#
...4..........#
##..###.#..#....#
### #. ...#..#..#
# ..#.# ..#..
####.. .#.# .##
.... # #..#


You could see a Hell Sentinel, a thrashing horror, 2 large abominations, a
sixfirhy, a blue devil and a small abomination.

Vanquished Creatures
  Joseph (D:7)
  The ghost of fneyf the Changer, an experienced DrTm (D:5)
  A raiju (Abyss:1)
  Sigmund (D:3)
  The ghost of trantor the Archer, an average HEHu (D:4)
  Edmund (D:5)
  An ogre (D:5)
  2 sky beasts (D:7)
  3 centaurs
  A phantom (D:4)
  Blork the orc (D:6)
  3 giant frogs
  4 scorpions
  5 killer bees (D:7)
  A small abomination (Abyss:1)
  5 crimson imps
  6 orc wizards
  2 hounds (D:5)
  A jelly (D:5)
  An orc priest (D:6)
  A quasit (D:5)
  Ijyb (D:2)
  A giant frog skeleton (D:5)
  3 iguanas
  2 worker ants (D:5)
  A hound skeleton (D:5)
  7 gnolls
  2 adders (D:6)
  A shadow imp (D:5)
  An ooze (D:2)
  An adder zombie (D:6)
  A worm (D:2)
  4 giant geckos
  18 orcs
  2 ball pythons
  A bat skeleton (D:5)
  2 giant cockroaches
  12 goblins
  15 hobgoblins
  11 jackals (D:5)
  6 quokkas
  13 bats
  3 giant newts
  10 kobolds
  A quokka zombie (D:6)
  11 rats
173 creatures vanquished.

Vanquished Creatures (others)
  9 starspawn tentacles (Abyss:1)
  339 starspawn tentacle segments (Abyss:1)
348 creatures vanquished.

Grand Total: 521 creatures vanquished

Notes
Turn   | Place    | Note
--------------------------------------------------------------
     0 | D:1      | Chiseanne the Demonspawn Wanderer began the quest for the Orb.
     0 | D:1      | Chiseanne set off with: a +2 dagger, a scroll of blinking, a +0 ring mail, a +0 hand axe, a bread ration
     0 | D:1      | Reached XP level 1. HP: 19/19 MP: 1/1
    99 | D:1      | Gained mutation: You have a pair of small horns on your head. [demonic ancestry]
    99 | D:1      | Reached XP level 2. HP: 19/25 MP: 2/2
   299 | D:1      | Reached skill level 1 in Dodging
   957 | D:1      | Reached XP level 3. HP: 31/31 MP: 3/3
   998 | D:2      | Noticed Ijyb
  1133 | D:2      | Killed Ijyb
  1394 | D:2      | Found a deep blue altar of Sif Muna.
  1420 | D:2      | Gained mutation: You have a pair of horns on your head. [demonic ancestry]
  1420 | D:2      | Reached XP level 4. HP: 20/38 MP: 4/4
  1756 | D:2      | Found Zin's Purification Station.
  1756 | D:2      | Found a glowing silver altar of Zin.
  1989 | D:2      | Reached skill level 5 in Fighting
  2083 | D:3      | Found an ancient bone altar of Kikubaaqudgha.
  2084 | D:3      | Found a bloodstained altar of Trog.
  2086 | D:3      | Found a stormy altar of Qazlal.
  2109 | D:3      | Found a shattered altar of Ashenzari.
  2209 | D:3      | Noticed Sigmund
  2326 | D:3      | Found a white marble altar of Elyvilon.
  2395 | D:3      | Killed Sigmund
  2395 | D:3      | Gained mutation: When hurt, damage is shared between your health and your magic reserves. [demonic ancestry]
  2395 | D:3      | Reached XP level 5. HP: 44/46 MP: 5/5
  2624 | D:4      | Found Hemazif's Armour Emporium.
  2626 | D:4      | Noticed a phantom
  2751 | D:3      | Reached XP level 6. HP: 36/52 MP: 4/6
  2754 | D:3      | Reached skill level 6 in Fighting
  2879 | D:4      | Noticed trantor's ghost (average HEHu)
  3258 | D:4      | Killed trantor's ghost
  3291 | D:4      | Killed a phantom
  3523 | D:4      | Gained mutation: You are partially covered in rough black scales (AC +4, Dex -1). [demonic ancestry]
  3523 | D:4      | Reached XP level 7. HP: 59/59 MP: 7/7
  3573 | D:5      | Entered Level 5 of the Dungeon
  3615 | D:5      | Found Feliz's Food Boutique.
  3678 | D:5      | Noticed Edmund
  3731 | D:5      | Gained mutation: You are clumsy. (Dex -2) [potion of mutation]
  3731 | D:5      | Gained mutation: You are occasionally teleported to nearby monsters. [potion of mutation]
  3731 | D:5      | Lost mutation: You are clumsy. (Dex -2) [potion of mutation]
  3819 | D:4      | Reached skill level 7 in Fighting
  4349 | D:5      | Killed Edmund
  4356 | D:5      | Reached XP level 8. HP: 65/67 MP: 6/8
  4546 | D:5      | Reached skill level 5 in Armour
  4673 | D:5      | Noticed fneyf's ghost (experienced DrTm)
  4927 | D:5      | Found a staircase to the Ecumenical Temple.
  5388 | D:6      | Found a sacrificial altar of Ru.
  5388 | D:6      | Noticed an oklob plant
  5622 | D:6      | Noticed Blork the orc
  5633 | D:6      | Killed Blork the orc
  5871 | Temple   | Entered the Ecumenical Temple
  5963 | Temple   | Became a worshipper of Gozag Ym Sagoz the Greedy
  6162 | D:5      | Found a burning altar of Makhleb.
  7344 | D:7      | Found Rudaby's Magic Scroll Emporium.
  7354 | D:7      | Bought a scroll of fear for 45 gold pieces
  7354 | D:7      | Bought a scroll of recharging for 123 gold pieces
  7379 | D:7      | Reached skill level 5 in Dodging
  7386 | D:7      | Reached skill level 8 in Fighting
  7784 | D:7      | Gained mutation: A weak demonic guardian rushes to your aid. [demonic ancestry]
  7784 | D:7      | Reached XP level 9. HP: 74/74 MP: 9/9
  7793 | D:7      | Noticed Joseph
  7816 | D:7      | Killed Joseph
  8387 | D:5      | Killed fneyf's ghost
  8408 | D:4      | Bought the +5 ring mail of Negation {rF+ MP+9 Int+3} for 493 gold pieces
  8692 | D:7      | Cast into the Abyss (orc)
  8692 | Abyss:1  | Found a corrupted altar of Lugonu.
  8770 | Abyss:1  | Noticed an orange demon
  8779 | Abyss:1  | Noticed a tentacled starspawn
  8786 | Abyss:1  | Noticed a bone dragon
  8822 | Abyss:1  | Reached skill level 1 in Spellcasting
  8855 | Abyss:1  | Noticed a large abomination
  8890 | Abyss:1  | Noticed a bone dragon
  8898 | Abyss:1  | Noticed a smoke demon
  8904 | Abyss:1  | Noticed a thrashing horror
  8913 | Abyss:1  | Noticed a deep elf demonologist
  8916 | Abyss:1  | Noticed a Hell Sentinel
  8917 | Abyss:1  | Noticed a large abomination
  8917 | Abyss:1  | Noticed a sixfirhy
  8917 | Abyss:1  | Slain by a thrashing horror

Vault maps used:
D:1:      lightli_arrival_chessboard, patterned_corridor
D:2:      lemuel_doored_altar, zin_purify, minivault_4, uniq_iyjb
D:3:      nicolae_ashenzari_panopticon, grunt_temple_overflow_open,
          elyvilon_altar_1, first_bread, uniq_sigmund
D:4:      serial_shops, shop_coins
D:5:      temple_hall, serial_glass, glass_columns_a, glass_columns_b,
          minmay_strange_pillars, serial_shops, shop_statue, amethyst_killhole,
          makhleb_heckhound_becter, uniq_edmund
D:6:      minmay_misc_feat_chi, serial_park_tiny_2, lemuel_oklob_altar,
          uniq_blork_the_orc
D:7:      serial_shops, shop_fountains, kennysheep_generic_room_13, uniq_joseph
Temple:   circular_temple_12

Action                   |  1- 3 |  4- 6 |  7- 9 || total
-------------------------+-------+-------+-------++-------
Melee: Dagger            |   177 |   154 |   442 ||   773
       Mace              |       |       |   227 ||   227
 Fire: Blowgun           |       |       |    17 ||    17
Throw: Javelin           |       |     4 |    19 ||    23
       Tomahawk          |       |       |     4 ||     4
Evoke: Wand              |       |     5 |     1 ||     6
       Deck              |       |       |     1 ||     1
  Use: Scroll            |     1 |     3 |    10 ||    14
       Potion            |     1 |     1 |    12 ||    14
 Stab: Sleeping          |       |     1 |       ||     1
       Distracted        |       |       |     1 ||     1
       Confused          |       |       |     1 ||     1
  Eat: Chunk             |     2 |     7 |     8 ||    17
       Fruit             |       |       |     5 ||     5
       Beef jerky        |       |       |     2 ||     2
       Pizza             |       |       |     1 ||     1
       Royal jelly       |       |       |     1 ||     1
